 Dungeon Crawl Stone Soup version bcrawl-1.19.2-6-g6a88ae04c9 (webtiles) character file.

Game seed: 4096734391720976541

84 Mrkan the Skirmisher (level 4, -1/26 HPs)
             Began as a Gargoyle Fighter on Dec 30, 2019.
             Was a Follower of Hepliaklqana.
             Killed by divine providence
             ... invoked by an orc priest
              (15 damage)
             ... on level 3 of the Dungeon.
             The game lasted 00:02:24 (1863 turns).

Mrkan the Skirmisher (Gargoyle Fighter)             Turns: 1863, Time: 00:02:24

Health: -1/26      AC: 12    Str: 20    XL:     4   Next: 46%
Magic:  4/4        EV:  7    Int:  8    God:    Hepliaklqana [*.....]
Gold:   147        SH:  9    Dex: 10    Spells: 3/3 levels left

rFire    . . .     SeeInvis .   a - +0 flail
rCold    . . .     Gourm    .   c - +0 shield
rNeg     + . .     Faith    .   b - +0 scale mail
rPois    ∞         Spirit   .   j - +0 helmet
rElec    +         Reflect  .   h - +0 cloak
rCorr    .         Harm     .   (no gloves)
MR       .....                  (no boots)
Stlth    ..........             (no amulet)
HPRegen  0.08/turn              (no ring)
MPRegen  0.09/turn              (no ring)

@: no status effects
A: reduced essence, negative energy resistance 1, electricity resistance,
unbreathing, petrification resistance, rot immunity, AC +3
a: Recall Ancestor, Ancestor Identity, Renounce Religion


You were on level 3 of the Dungeon.
You worshipped Hepliaklqana.
Hepliaklqana was aware of your devotion.
You were not hungry.

You visited 1 branch of the dungeon, and saw 3 of its levels.

You collected 147 gold pieces.

Inventory:

Hand Weapons
 a - a +0 flail (weapon)
Armour
 b - a +0 scale mail (worn)
 c - a +0 shield (worn)
 h - a +0 cloak (worn)
 j - a +0 helmet (worn)
Jewellery
 o - an uncursed amulet of magic regeneration {unknown}
Wands
 t - a wand of clouds (5)
Scrolls
 e - 3 scrolls of amnesia {unknown}
 g - 2 scrolls of remove curse {unknown}
 i - a scroll of fog {unknown}
 k - a scroll of immolation {unknown}
 r - a scroll of enchant weapon {unknown}
 s - a scroll of identify {unknown}
Potions
 d - a potion of might
 l - a potion of curing {unknown}
 m - 2 potions of agility {unknown}
 p - 2 potions of haste {unknown}
 q - a potion of ambrosia {unknown}
Comestibles
 f - 6 rations {!d}
 n - 7 chunks of flesh


   Skills:
 + Level 3.9 Fighting
 * Level 3.2 Maces & Flails
 + Level 3.8 Armour
 + Level 3.8 Shields


You had 3 spell levels left.
You didn't know any spells.
Your spell library was empty.

Dungeon Overview and Level Annotations

Branches:
Dungeon (3/12)

Altars:
Hepliaklqana


Innate Abilities, Weirdness & Mutations

You are resistant to torment.
Your stone body is resilient. (AC +3)
You are immune to poison.
You resist negative energy. (rN+)
You are resistant to electric shocks. (rElec)
You can survive without breathing.
You are immune to petrification.
You are immune to rotting.
Your life essence is reduced to manifest your ancestor. (-10% HP)


Message History

The orc shouts! x2; The orc priest shouts!
Found a scroll labeled XIEXOGHOHO.
There are monsters nearby!
An orc comes into view. It is wielding a +0 dagger.
The orc shouts!
You block the orc priest's attack.
You closely miss the orc priest. You block the orc priest's attack.
You closely miss the orc priest. You block the orc priest's attack.
You closely miss the orc priest. You sock the orc!
You kill the orc!
The orc priest calls down the wrath of Beogh upon you.
Beogh smites you!
Ouch! That really hurt!
You hit the orc priest but do no damage.
You barely miss the orc priest.
The orc priest calls down the wrath of Beogh upon you.
Beogh smites you!
Ouch! That really hurt!
You die...

###########
#.........#
#.#######.#
#.#######.#
#...)...#.#####.##
#######.#R@oooo?.#
........##########
##############.......#
#............R..#....#
#.############..# ###
#.#.....# #..#
#.#.....# #..#
#.#.....# #..#
#'#.....# #..#


You could see the friendly Ulric the ancestor, an orc priest and 3 orcs.

Vanquished Creatures
  Terence (D:2)
  An adder (D:3)
  2 worms (D:2)
  2 leopard geckos
  2 orcs (D:3)
  2 ball pythons (D:1)
  A giant cockroach (D:1)
  4 goblins
  5 hobgoblins
  3 quokkas
  5 bats
  A frilled lizard (D:1)
  3 kobolds
32 creatures vanquished.

Vanquished Creatures (collateral kills)
  A worm (D:3)
  A giant cockroach (D:2)
2 creatures vanquished.

Grand Total: 34 creatures vanquished

Notes
Turn   | Place    | Note
-------+----------+-------------------------------------------
     0 | D:1      | Mrkan the Gargoyle Fighter began the quest for the Orb.
     0 | D:1      | Reached XP level 1. HP: 14/14 MP: 1/1
   353 | D:1      | Reached XP level 2. HP: 19/19 MP: 2/2
   560 | D:2      | Noticed Terence
   586 | D:2      | Killed Terence
   586 | D:2      | Reached XP level 3. HP: 9/24 MP: 3/3
  1101 | D:2      | Found a hazy altar of Hepliaklqana.
  1106 | D:2      | Became a worshipper of Hepliaklqana the Forgotten
  1441 | D:2      | Reached XP level 4. HP: 26/26 MP: 4/4
  1623 | D:3      | Reached * piety under Hepliaklqana
  1863 | D:3      | Killed from afar by an orc priest

Skill      XL: |  1  2  3 |
---------------+----------+-----
Maces & Flails | 3 |  3.2
Fighting       | |  3.9
Armour         | |  3.8
Shields        | |  3.8

Action                   |  1- 3 |  4- 6 || total
-------------------------+-------+-------++-------
Melee: Flail             |    96 |    34 ||   130
  Eat: Chunk             |     2 |     1 ||     3
Armor: Scale mail        |    55 |    21 ||    76
Dodge: Dodged            |    34 |     6 ||    40
Block: Shield            |    76 |     9 ||    85
